[Event "Live Chess"]
[Site "Chess.com"]
[Date "2024.06.01"]
[Round "-"]
[White "ACM42"]
[Black "CarmelJane"]
[Result "0-1"]
[WhiteElo "2186"]
[BlackElo "2089"]
[TimeControl "300"]
[EndTime "13:11:55 PDT"]
[Termination "CarmelJane won on time"]

1. e4 c5 2. Nf3 e6 3. d4 cxd4 4.
Nxd4 Nf6 5. Nc3 Nc6 6. Nxc6 bxc6 7. e5 Nd5 8. Ne4 Qc7 9. f4 Qb6 10. a3 f5 11. Ng3 Bc5 12. Bd3 Bf2+ 13. Kf1 Ne3+ 14.
Bxe3 Bxe3 15. Qf3 Qd4 16. Nh5 g6 17. Nf6+ Kf7 18. Re1 Bxf4 19. c3 Qa4 20. b3 Qxb3 21. Qxf4 Qxc3 22. Re3 d6 23. Ne4 dxe5 24. Nd6+ Ke7 25.
Nxc8+ Raxc8 26. Qxe5 Qxe5 27. Rxe5 Rhd8 28. Ke2 Rd5 29.
Rxd5 cxd5 30. Rb1 Rc7 31. Rb5 Kd6 32. a4 e5 33. a5 e4 34. Bb1 d4 35. a6 d3+ 36.
Ke3 Kc6 37. Rb2 Rd7 38. Kd2 f4 39. g3 e3+ 40. Ke1 d2+ 41. Kd1 f3 0-1

[Event "Live Chess"]
[Site "Chess.com"]
[Date "2024.06.01"]
[Round "-"]
[White "KwikPhoenix"]
[Black "Queensandpawns"]
[Result "1/2-1/2"]
[WhiteElo "2461"]
[BlackElo "2380"]
[TimeControl "300"]
[EndTime "13:11:58 PDT"]
[Termination "Game drawn by agreement"]

1. Nc3 e5 2. Nf3 Nc6 3. d4 exd4 4. Nxd4 Bc5 5. Nb3 Bb6 6. e4 Nf6 7. Bg5 d6 8. Bd3 h6 9. Bh4 g5 10. Bg3 Ne5 11. Qd2 a5 12. a4 Be6 13. Nc1 Nc4 14. Bxc4 Bxc4 15. Nd3 Qe7 16. O-O-O O-O-O 17. Rhe1 Qd7 18.
e5 Nd5 19. b3 Nxc3 20. Qxc3 Bxd3 21. Rxd3 d5 1/2-1/2

[Event "Live Chess"]
[Site "Chess.com"]
[Date "2024.06.01"]
[Round "-"]
[White "PatientChessPapa"]
[Black "alicechristina"]
[Result "1/2-1/2"]
[WhiteElo "810"]
[BlackElo "1807"]
[TimeControl "300"]
[EndTime "13:11:59 PDT"]
[Termination "Game drawn by repetition"]

1. e4 e5 2. Nf3 Nf6 3. Nc3 Nc6 4. d4 exd4 5. Nxd4 Bb4 6. Bg5 h6 7. Bh4 g5 8. Bg3 Nxe4 9. Qe2 O-O 10. O-O-O Bxc3 11. bxc3 Nxc3 12. Qh5 Nxd1 13. Qxh6 Nxd4 14. Bd3 f5 15. Qg6+ Kh8 16. Qh6+ Kg8 17. Qg6+ Kh8 18.
Qh6+ Kg8 1/2-1/2

[Event "Live Chess"]
[Site "Chess.com"]
[Date "2024.06.01"]
[Round "-"]
[White "Sweet-O"]
[Black "RichardABates"]
[Result "0-1"]
[WhiteElo "1550"]
[BlackElo "2215"]
[TimeControl "300"]
[EndTime "13:12:05 PDT"]
[Termination "RichardABates won by resignation"]

1. d4 Nf6 2. Nc3 d5 3. Bf4 c5 4. e3 cxd4 5. Qxd4 Nc6 6. Qd2 e5 7. Bg3 Bb4 8. a3 Qa5 9. Bb5 Ne4 10. Qxd5 Bxc3+ 11. Ke2 Nxg3+ 12. hxg3 O-O 13. bxc3 Qxc3 14. Nf3 Be6 15. Qd3 Qxd3+ 16. cxd3 f6 17. Rac1 Rac8 18.
Kd2 Na5 19. Rxc8 Rxc8 20. Rc1 Nb3+ 0-1

[Event "Live Chess"]
[Site "Chess.com"]
[Date "2024.06.01"]
[Round "-"]
[White "WilliamofOrange16th"]
[Black "nffc11"]
[Result "1-0"]
[WhiteElo "1982"]
[BlackElo "1994"]
[TimeControl "300"]
[EndTime "13:12:31 PDT"]
[Termination "WilliamofOrange16th won on time"]

1. e4 c6 2. d4 d5 3. f3 dxe4 4. fxe4 e5 5. Nf3 Bg4 6. c3 Nd7 7. Bc4 Ngf6 8. Bg5 Be7 9. O-O O-O 10. h3 Bh5 11. Nbd2 h6 12. Bh4 Bg6 13. dxe5 Nxe4 14. Bxe7 Qxe7 15. Nxe4 Bxe4 16. Qe2 Qc5+ 17. Kh1 Bxf3 18.
Rxf3 Nxe5 19. Rf4 Nxc4 20. Rxc4 Qg5 21. Re4 Rad8 22. h4 Qd2 23. Re1 Qxe2 24. R1xe2 Rd1+ 25. Kh2 Rfd8 26. Re7 R8d7 27. Rxd7 Rxd7 28. Kg3 f6 29. Kf3 Kf7 30. g4 Rd3+ 31. Kf4 Rd6 32. a4 Rd3 33.
h5 Rd6 34. Re3 Re6 35. Rd3 Ke7 36. b4 Rd6 37. Re3+ Kd7 38. Kf5 Rd5+ 39. Kg6 Rg5+ 40. Kf7 Rxg4 41. Rd3+ Kc7 42. a5 f5 43. Ke6 Rg5 44.
Rd7+ Kc8 45. Ke7 a6 46. Rd8+ Kc7 47. Rd7+ Kb8 48. Rd8+ Ka7 49. Kd7 f4 50. Rf8 Rxh5 51.
Kc7 Re5 52. Rxf4 Re7+ 53. Kd6 Re8 54. Rf7 Rg8 55. c4 g5 56. Rh7 g4 57. Rxh6 g3 58. Rh1 g2 59. Rg1 Kb8 60. Kd7 Rg7+ 61. Kd6 Kc8 62. b5 Kd8 63. bxa6 bxa6 64. Kxc6 Rg6+ 65.
Kb7 Kd7 66. c5 Rg5 67. c6+ Ke7 68. c7 1-0

[Event "Live Chess"]
[Site "Chess.com"]
[Date "2024.06.01"]
[Round "-"]
[White "Silverback7829"]
[Black "sebmoran1"]
[Result "0-1"]
[WhiteElo "987"]
[BlackElo "1482"]
[TimeControl "300"]
[EndTime "13:12:35 PDT"]
[Termination "sebmoran1 won by checkmate"]

1. d4 Nf6 2. Nf3 g6 3. Nc3 Bg7 4. e3 O-O 5. Bc4 d5 6. Bd3 Nc6 7. Bd2 Re8 8. O-O Bg4 9. h3 Bxf3 10. Qxf3 e5 11. Bb5 e4 12. Qe2 a6 13. Bxc6 bxc6 14.
Na4 Qb8 15. Bc3 Nd7 16. Rab1 Nb6 17. Nxb6 cxb6 18. f3 c5 19. fxe4 cxd4 20. exd4 Rxe4 21. Qf3 Qe8 22. Rbe1 Rxe1 23. Bxe1 Bxd4+ 24. Kh1 Bxb2 25. Kh2 Be5+ 26. Kg1 f5 27. Qxd5+ Kg7 28. Bb4 Rd8 29. Qf3 Qb5 30. Qb7+ Kh6 31. Qe7 Bd4+ 32. Kh1 Qxf1+ 33. Kh2 Qf4+ 34. Kh1 Qf2 35. Qxd8 Qg1# 0-1

[Event "Live Chess"]
[Site "Chess.com"]
[Date "2024.06.01"]
[Round "-"]
[White "Duke_of_Bebington"]
[Black "MagnersCarlsberg2870"]
[Result "1-0"]
[WhiteElo "1610"]
[BlackElo "1793"]
[TimeControl "300"]
[EndTime "13:13:07 PDT"]
[Termination "Duke_of_Bebington won by resignation"]

1. e4 e5 2. Nf3 Nf6 3. d4 exd4 4. e5 Qe7 5. Bg5 Qb4+ 6. Bd2 Qxb2 7. Na3 Nd5 8. Nc4 Qb5 9. Nd6+ cxd6 10. Bxb5 dxe5 11. Nxe5 1-0

[Event "Live Chess"]
[Site "Chess.com"]
[Date "2024.06.01"]
[Round "-"]
[White "Frankie_Badacsonyi"]
[Black "Cruiseylee78"]
[Result "1-0"]
[WhiteElo "2440"]
[BlackElo "1680"]
[TimeControl "300"]
[EndTime "13:13:30 PDT"]
[Termination "Frankie_Badacsonyi won on time"]

1. Nf3 d6 2. b3 Nd7 3. Bb2 e5 4.
e3 Ngf6 5. d4 c6 6. c4 Qc7 7. Nc3 Be7 8. Be2 h6 9. O-O g5 10. Rc1 Nf8 11. Qc2 Ng6 12. Nd2 h5 13. Nde4 Nxe4 14. Nxe4 f5 15. Nc3 g4 16. f3 gxf3 17.
Bxf3 Nh4 18. Qe2 Nxf3+ 19. Qxf3 h4 20. Rcd1 Bd7 21. Ba3 e4 22. Qf2 h3 23. g3 O-O-O 24.
d5 c5 25. Bb2 Rhg8 26. Nb5 Bxb5 27. cxb5 Rdf8 28. a4 Kb8 29. Qe2 Bg5 30. Rde1 Qa5 31. Qc2 Qd8 32. Re2 Qd7 33. Bc1 Bf6 34. Ref2 Rg5 35. Bb2 Bxb2 36. Qxb2 Qf7 37. Qd2 Re8 38. Rf4 Re5 39. Rd1 Rg4 40. Rf2 b6 41. a5 Qb7 42. axb6 axb6 43. Rff1 Rg8 44. Rf4 Rg4 45. Rf2 Rg8 46. b4 Qc7 47. bxc5 bxc5 48. Ra1 Qb7 49. Qa5 Rxd5 50. Rfa2 Rc8 51. b6 Rc6 52. Qa8+ Qxa8 53. Rxa8+ Kb7 54. R1a7+ Kxb6 55. Ra6+ Kb5 56. Ra5+ Kc4 57.
Ra3 Rb6 58. R8a4+ Rb4 59. Rxb4+ cxb4 60. Ra1 b3 61. Rc1+ Kb4 62. Ra1 Kc3 63. Rc1+ Kb2 64. Rf1 Rc5 65. Rf2+ 1-0

[Event "Live Chess"]
[Site "Chess.com"]
[Date "2024.06.01"]
[Round "-"]
[White "WelshTiger"]
[Black "uselessduffer"]
[Result "1-0"]
[WhiteElo "2549"]
[BlackElo "2411"]
[TimeControl "300"]
[EndTime "13:13:33 PDT"]
[Termination "WelshTiger won by resignation"]

1. e4 g6 2. d4 Bg7 3. c3 Nf6 4. Bd3 O-O 5. Nf3 d6 6. h3 Nc6 7.
O-O e5 8. Nbd2 Nh5 9. dxe5 dxe5 10.
Nc4 Nf4 11. Bxf4 exf4 12. Qc2 Qe7 13. a4 Ne5 14. Nfxe5 Bxe5 15. Nxe5 Qxe5 16. f3 Be6 17. Qf2 c5 18. Bc2 Rfd8 19. Rfd1 g5 20. Rxd8+ Rxd8 21. Rd1 Rxd1+ 22. Bxd1 Qd6 23. Bc2 Kg7 24. Kf1 Bc4+ 25. Ke1 Kf6 26. h4 h6 27. hxg5+ hxg5 28.
b3 Ba6 29. Qg1 Bd3 30. Bxd3 Qxd3 31. Qxc5 Qb1+ 32. Kf2 1-0

[Event "Live Chess"]
[Site "Chess.com"]
[Date "2024.06.01"]
[Round "-"]
[White "Tushinskiy"]
[Black "ProfPoisson"]
[Result "0-1"]
[WhiteElo "2239"]
[BlackElo "1293"]
[TimeControl "300"]
[EndTime "13:13:35 PDT"]
[Termination "ProfPoisson won - game abandoned"]

1. d4 e6 2. c3 f5 3. Nf3 Nf6 4. Bg5 h6 5. Bxf6 Qxf6 6. Nbd2 b6 7.
e4 Bb7 8. Bd3 fxe4 9. Nxe4 Bxe4 10. Bxe4 d5 11. Bc2 Bd6 12. Qe2 O-O 13. O-O-O a5 0-1

[Event "Live Chess"]
[Site "Chess.com"]
[Date "2024.06.01"]
[Round "-"]
[White "Stanbad1"]
[Black "koekoekoe"]
[Result "1-0"]
[WhiteElo "2667"]
[BlackElo "2047"]
[TimeControl "300"]
[EndTime "13:13:53 PDT"]
[Termination "Stanbad1 won by resignation"]

1. d4 d5 2. Nc3 Nf6 3. Bf4 Bf5 4. e3 e6 5. Nf3 Bb4 6. Bd3 Ne4 7. O-O Nxc3 8.
bxc3 Bxc3 9. Rb1 b6 10. Bxf5 exf5 11. Qd3 Ba5 12. Qxf5 O-O 13. Rfc1 Nd7 14. Qxd5 Nf6 15.
Qxd8 Rfxd8 16. Bxc7 Rdc8 17. Be5 Rc6 18. c4 Rac8 19. c5 bxc5 20. dxc5 Bb6 21. Bd6 Ne4 22. Nd4 Nxd6 23. Nxc6 Rxc6 24. cxb6 1-0

[Event "Live Chess"]
[Site "Chess.com"]
[Date "2024.06.01"]
[Round "-"]
[White "KeithArkell"]
[Black "Pablo_dmp"]
[Result "1-0"]
[WhiteElo "2458"]
[BlackElo "2013"]
[TimeControl "300"]
[EndTime "13:13:54 PDT"]
[Termination "KeithArkell won by checkmate"]

1. d4 Nf6 2. Nf3 b6 3. c4 Bb7 4. g3 e6 5. Bg2 Bb4+ 6. Bd2 Qe7 7. O-O O-O 8. Bg5 h6 9. Bxf6 Qxf6 10. c5 bxc5 11.
a3 Ba5 12. Ne5 Bxg2 13. Kxg2 cxd4 14. Nc4 Bb6 15. a4 a5 16. Nxb6 cxb6 17. Na3 Nc6 18.
Qd3 Nb4 19. Qb5 Rab8 20. Rac1 d5 21. Rc7 Qe5 22. Rfc1 Qe4+ 23. f3 Qe3 24. Nc2 Nxc2 25. R1xc2 Rfd8 26. R7c6 d3 27. Qxd3 Qe5 28. Rc7 d4 29.
Qb5 Qe3 30. R7c6 d3 31. exd3 Rxd3 32. Rf2 Rb3 33. Qc4 Rd8 34. Qc2 g6 35. Re2 Qxf3+ 36.
Kg1 Rbd3 37. Rc8 Kg7 38. Rxd8 Rxd8 39. Qc3+ Qxc3 40. bxc3 Rd3 41. Rc2 Kf6 42. Kf2 Ke5 43.
Ke2 Rd5 44. Rb2 Rd6 45. Ke3 Rc6 46. Rb5+ Kf6 47. Kd4 Rd6+ 48. Kc4 Rd2 49. Rxb6 Rxh2 50.
Kb5 Rb2+ 51. Kxa5 Rc2 52. Kb4 Rg2 53. a5 Rxg3 54. a6 Rg4+ 55. c4 Rg1 56. Rb5 Rb1+ 57. Kc5 Rxb5+ 58. cxb5 h5 59. a7 h4 60. a8=Q h3 61.
Qf3+ Kg5 62. Qxh3 f5 63. Qg3+ Kf6 64. Kd6 e5 65. Qxe5+ Kg5 66. b6 Kh5 67. b7 Kh6 68. b8=Q g5 69. Qbh8+ Kg6 70. Qef6# 1-0

[Event "Live Chess"]
[Site "Chess.com"]
[Date "2024.06.01"]
[Round "-"]
[White "chessgoatpawel"]
[Black "f4nomore"]
[Result "1-0"]
[WhiteElo "1991"]
[BlackElo "1205"]
[TimeControl "300"]
[EndTime "13:13:59 PDT"]
[Termination "chessgoatpawel won by resignation"]

1. e4 g6 2. d4 Bg7 3. Nf3 d6 4. Bc4 Nc6 5. O-O Nf6 6. Nc3 O-O 7. Re1 e5 8. dxe5 Nxe5 9. Nxe5 dxe5 10. Bg5 Qxd1 11.
Raxd1 Nd7 12. Nd5 f6 13. Nxc7+ Kh8 14. Bxf6 Nxf6 15. Nxa8 Ng4 16. f3 Nh6 17. Nc7 b6 18. Ne6 Re8 19. Nxg7 Kxg7 20. Rd2 Nf7 21. Bxf7 Kxf7 22.
Red1 Be6 23. a3 Rc8 24. c3 a6 25. Rd6 Rb8 26. Rc6 a5 27. Rdd6 Ba2 28. Rxb6 Rxb6 29. Rxb6 1-0

[Event "Live Chess"]
[Site "Chess.com"]
[Date "2024.06.01"]
[Round "-"]
[White "Nazarenko_vital"]
[Black "chessfiction"]
[Result "0-1"]
[WhiteElo "1485"]
[BlackElo "2395"]
[TimeControl "300"]
[EndTime "13:14:00 PDT"]
[Termination "chessfiction won on time"]

1. e4 c5 2. c3 Nc6 3. d4 d5 4. e5 Bf5 5. Nf3 e6 6. Bd3 Nge7 7. Bxf5 Nxf5 8. a3 Rc8 9. O-O Be7 10. Nbd2 cxd4 11.
cxd4 Qb6 12. Nb3 a5 13. g4 Nh4 14. Nxh4 Bxh4 15. Be3 Be7 16. Rb1 a4 17. Na1 Qa6 18. Nc2 O-O 19. f4 Na5 20. Nb4 Bxb4 21. axb4 Nc4 22. Bf2 Qb5 23. Qe1 Rc6 24. b3 Na3 25.
Rb2 Rfc8 26. bxa4 Qxa4 27. Qd1 Qb5 28. Qe2 Qxe2 29. Rxe2 Rb6 30. Be1 Rc4 31. Ra2 Ra6 32.
Rf3 Nb5 33. Rxa6 bxa6 34. Rd3 Rxd4 35. Rxd4 Nxd4 36. Kf2 f6 37. Bc3 fxe5 38. fxe5 Nc6 39. Ke3 Kf7 40. h4 g6 41. Kf4 d4 0-1

[Event "Live Chess"]
[Site "Chess.com"]
[Date "2024.06.01"]
[Round "-"]
[White "JohanKjeldahl"]
[Black "nigelst"]
[Result "1/2-1/2"]
[WhiteElo "1824"]
[BlackElo "1661"]
[TimeControl "300"]
[EndTime "13:14:08 PDT"]
[Termination "Game drawn by repetition"]

1. e4 c6 2. d4 d5 3. Nc3 dxe4 4. Nxe4 Bf5 5. Ng3 Bg6 6. Nf3 Nd7 7. h4 h6 8. h5 Bh7 9. Bd3 Bxd3 10. Qxd3 e6 11.
Bf4 Qa5+ 12. c3 Ngf6 13. Ne5 Nxe5 14. Bxe5 Be7 15. O-O Rd8 16. Qe2 O-O 17. a4 Qb6 18. b4 a5 19. b5 cxb5 20. axb5 Nd7 21. Ne4 Nxe5 22. dxe5 Rd7 23. Qg4 Kh7 24. c4 Rfd8 25.
Rad1 Qc7 26. Rxd7 Rxd7 27. Qf4 Qd8 28. Qxf7 Rd1 29. Qg6+ Kh8 30. Rxd1 Qxd1+ 31. Kh2 a4 32. Qe8+ Kh7 33. Qxe7 Qxh5+ 34. Kg1 Qd1+ 35. Kh2 Qh5+ 36. Kg1 Qd1+ 37. Kh2 Qh5+ 1/2-1/2

[Event "Live Chess"]
[Site "Chess.com"]
[Date "2024.06.01"]
[Round "-"]
[White "RichardABates"]
[Black "CarmelJane"]
[Result "1-0"]
[WhiteElo "2237"]
[BlackElo "2084"]
[TimeControl "300"]
[EndTime "13:14:14 PDT"]
[Termination "RichardABates won by resignation"]

1. d4 Nf6 2. Nf3 e6 3. c4 b6 4. g3 Bb7 5. Bg2 Be7 6. O-O O-O 7.
Nc3 Ne4 8. Bd2 f5 9. d5 Nxc3 10. Bxc3 exd5 11. Ne5 h6 12. Bxd5+ 1-0

[Event "Live Chess"]
[Site "Chess.com"]
[Date "2024.06.01"]
[Round "-"]
[White "GerardATHart"]
[Black "Brooms1989"]
[Result "0-1"]
[WhiteElo "1404"]
[BlackElo "1110"]
[TimeControl "300"]
[EndTime "13:14:18 PDT"]
[Termination "Brooms1989 won by checkmate"]

1. e4 e5 2. Nf3 Nc6 3. Bb5 a6 4. Ba4 Nf6 5. d3 d6 6. c3 g6 7. Nbd2 Bg7 8. Nf1 O-O 9. Ng3 Re8 10. h3 d5 11. Qe2 dxe4 12. dxe4 b5 13. Bc2 b4 14. Bd2 bxc3 15. Bxc3 Nd4 16. Nxd4 exd4 17. Bd2 c5 18. Qc4 Qc7 19. O-O-O Be6 20. Qf1 Reb8 21.
Bb1 Qb6 22. b3 Bxb3 23. Bf4 Bc4 24. Qxc4 Qb2# 0-1

[Event "Live Chess"]
[Site "Chess.com"]
[Date "2024.06.01"]
[Round "-"]
[White "defenderalist"]
[Black "Kyrylo7770"]
[Result "1-0"]
[WhiteElo "1517"]
[BlackElo "1658"]
[TimeControl "300"]
[EndTime "13:14:24 PDT"]
[Termination "defenderalist won by checkmate"]

1. e4 c6 2. d4 d5 3. Nc3 Nf6 4. e5 Ne4 5. Nxe4 dxe4 6. Bc4 Bf5 7. Ne2 e6 8. Ng3 Bg6 9. h4 h5 10. Bg5 Be7 11. Bxe7 Qxe7 12. Qe2 Nd7 13. Nxe4 Qb4+ 14. c3 Qb6 15. Nd6+ Ke7 16. O-O-O a5 17. Bd3 Bxd3 18. Qxd3 a4 19. Qf3 Rhf8 20. Qxh5 g6 21. Qg5+ f6 22. Qxg6 a3 23. b3 f5 24. Qg7+ Kd8 25. Nf7+ Kc7 26. Ng5 Rg8 27. Qe7 Qa5 28. Nxe6+ Kb6 29. b4 Qd5 30. Nc5 Nxc5 31. dxc5+ Kb5 32. Rxd5 cxd5 33. Qxb7+ Kc4 34. Rd1 Rab8 35. Qxd5+ Kb5 36. c6+ Ka4 37. Qa5# 1-0

[Event "Live Chess"]
[Site "Chess.com"]
[Date "2024.06.01"]
[Round "-"]
[White "MaksymYurii"]
[Black "bonantagulo"]
[Result "0-1"]
[WhiteElo "932"]
[BlackElo "2109"]
[TimeControl "300"]
[EndTime "13:14:32 PDT"]
[Termination "bonantagulo won on time"]

1. e4 c5 2. Nf3 e6 3. e5 d5 4. c3 d4 5. cxd4 cxd4 6. d3 Nc6 7. a4 Nge7 8. b4 Nxb4 9. Ba3 Ng6 10. Nbd2 Be7 11. Nc4 O-O 12. Be2 b6 13. O-O Bb7 14.
a5 b5 15. Ncd2 Qxa5 16. Ne4 Qb6 17. Qb1 a5 18. Bxb4 Bxb4 19. h4 Nf4 20. Bd1 Bxe4 21. dxe4 Bc3 22. Ra2 a4 23. g3 Ng6 24. h5 Ne7 25.
Be2 b4 26. Rc2 b3 27. Rcc1 a3 28. Rcd1 a2 29. Qd3 b2 30. Nxd4 Qxd4 31. Qxd4 Bxd4 32. Rxd4 a1=Q 33. Rxa1 bxa1=Q+ 34. Kg2 Qb2 35. Rd1 Qxe2 36. Rf1 Ra2 37. Kg1 Nc6 38. Kg2 Nxe5 39. Kg1 Qf3 0-1

[Event "Live Chess"]
[Site "Chess.com"]
[Date "2024.06.01"]
[Round "-"]
[White "JanMur7"]
[Black "LL220284LL"]
[Result "0-1"]
[WhiteElo "2311"]
[BlackElo "2546"]
[TimeControl "300"]
[EndTime "13:14:44 PDT"]
[Termination "LL220284LL won by resignation"]

1. c4 c6 2. Nc3 g6 3. d4 Bg7 4. e4 d6 5. Be2 Nd7 6. g4 c5 7. d5 h6 8. h4 a6 9. a4 Ndf6 10. Be3 Bd7 11. f4 Qc8 12. f5 Nh7 13. fxg6 fxg6 14. h5 g5 15. Nh3 Be5 16. O-O Ngf6 17.
Nf2 Bg3 18. a5 Bxf2+ 19. Rxf2 Nxg4 20. Bxg4 Bxg4 21. Qf1 Bxh5 22. Rg2 Qh3 23. Qe1 Bf3 24. Rh2 Qg4+ 25. Kf2 Rf8 0-1

[Event "Live Chess"]
[Site "Chess.com"]
[Date "2024.06.01"]
[Round "-"]
[White "DarranAS"]
[Black "Enhard"]
[Result "0-1"]
[WhiteElo "1427"]
[BlackElo "1436"]
[TimeControl "300"]
[EndTime "13:14:48 PDT"]
[Termination "Enhard won on time"]

1. e4 e6 2. Nc3 d5 3. exd5 exd5 4.
Nf3 Nf6 5. d3 Be7 6. Bf4 Bg4 7.
Nb5 Na6 8. Be2 c6 9. Nbd4 O-O 10. O-O Nb8 11. Re1 Re8 12. Ne5 Bxe2 13. Rxe2 Nbd7 14. Qd2 Bc5 15. Nb3 Bd6 16. d4 Ne4 17. Qd3 f6 18.
Nxd7 Qxd7 19. Bxd6 Qxd6 20. Rae1 Qd7 21. f3 Ng5 22.
Nc5 Qf7 23. Rxe8+ Rxe8 24. Rb1 Ne6 25. Nb3 Nf4 26. Qf5 Ne6 27. c3 Ng5 28. Qd3 Qe7 29.
Kf1 Qd6 30. Kg1 Qf4 31. Rd1 Re3 32. Qd2 Nxf3+ 33. gxf3 Qxf3 34. Rf1 Qg4+ 35. Kh1 Qe4+ 36. Kg1 Re2 37. Rf2 Rxd2 38. Rxd2 Qg4+ 39. Kf2 Qf4+ 40. Kg2 Qxd2+ 41. Nxd2 f5 42. Kf3 g6 43. h4 Kf7 44. b3 Kf6 45. a3 h5 46. c4 dxc4 47. bxc4 g5 48. hxg5+ Kxg5 49. Nb3 h4 50. Kg2 f4 0-1

[Event "Live Chess"]
[Site "Chess.com"]
[Date "2024.06.01"]
[Round "-"]
[White "Ferrarifan27"]
[Black "Plato_77"]
[Result "1-0"]
[WhiteElo "2067"]
[BlackElo "1361"]
[TimeControl "300"]
[EndTime "13:14:53 PDT"]
[Termination "Ferrarifan27 won on time"]

1. e4 e6 2. d4 d5 3. Nc3 Bb4 4. e5 c5 5. a3 Bxc3+ 6. bxc3 Nc6 7.
a4 Nge7 8. Nf3 O-O 9. Bd3 c4 10.
Bxh7+ Kxh7 11. Ng5+ Kg6 12. Qg4 f5 13. exf6 Kxf6 14.
Nh7+ Kf7 15. Nxf8 Kxf8 16. O-O e5 17. Qf3+ Kg8 18. dxe5 Nxe5 19. Qg3 N5c6 20. Re1 Bf5 21. Bh6 Ng6 22. Re2 gxh6 23. Rae1 Qg5 24. Qc7 Be4 25. g3 Nh4 26. f4 Nf3+ 27. Kf2 Qh5 28. Qxb7 Qxh2+ 29. Ke3 Qxg3 30. Qxa8+ Kf7 31. Qb7+ Ne7 32.
Rd1 Ne5+ 33. Kd4 Qxf4 34. Kc5 Qf6 35. Rg1 Nd7+ 36. Kb4 Qd6+ 37. Ka5 1-0

[Event "Live Chess"]
[Site "Chess.com"]
[Date "2024.06.01"]
[Round "-"]
[White "Isambard_Thomas"]
[Black "AndrewBak1"]
[Result "1-0"]
[WhiteElo "2167"]
[BlackElo "1831"]
[TimeControl "300"]
[EndTime "13:15:06 PDT"]
[Termination "Isambard_Thomas won by resignation"]

1. d4 d5 2. Bg5 Nf6 3. Nf3 Ne4 4. h4 c5 5. c3 Nc6 6. e3 Qb6 7. b3 Bf5 8. Bd3 Nxg5 9. hxg5 Bxd3 10. Qxd3 g6 11.
dxc5 Qxc5 12. b4 Qc4 13. Qxc4 dxc4 14. Na3 Bg7 15. Rc1 O-O 16. Rh4 Rac8 17. Rxc4 e6 18.
Nb5 a6 19. Nd6 Rc7 20. Nxb7 Rxb7 21. Rxc6 a5 22. bxa5 Rb2 23. a4 Ra2 24. Rc4 Ra8 25.
Rb1 Ra3 26. Nd4 Bxd4 27. cxd4 Rxa5 28. Rb8+ Kg7 29. Rbb4 Ra2 30. g3 Rxg5 31. Rc5 Rxc5 32.
dxc5 Rc2 33. Rb5 Kf6 34. a5 Ke7 35. a6 Ra2 36. Rb7+ Ke8 37. a7 1-0

[Event "Live Chess"]
[Site "Chess.com"]
[Date "2024.06.01"]
[Round "-"]
[White "Inglaterra"]
[Black "Ksenia_2013"]
[Result "1-0"]
[WhiteElo "2043"]
[BlackElo "833"]
[TimeControl "300"]
[EndTime "13:15:07 PDT"]
[Termination "Inglaterra won by checkmate"]

1. e4 e5 2. Nf3 Nc6 3. d4 exd4 4. Bc4 Bc5 5. O-O Nf6 6. e5 Ng4 7. h3 Ngxe5 8. Nxe5 Nxe5 9. Re1 Bd6 10. f4 f6 11.
fxe5 fxe5 12. Qxd4 b6 13. Qd5 Rb8 14. Qf7# 1-0

[Event "Live Chess"]
[Site "Chess.com"]
[Date "2024.06.01"]
[Round "-"]
[White "Zhevzh1k7"]
[Black "alexholowczak"]
[Result "0-1"]
[WhiteElo "1103"]
[BlackElo "1454"]
[TimeControl "300"]
[EndTime "13:15:25 PDT"]
[Termination "alexholowczak won by checkmate"]

1. e4 e6 2. d4 d5 3. exd5 exd5 4. Nf3 Nf6 5. Nc3 Bd6 6. Bg5 c6 7. Bd3 O-O 8. O-O Nbd7 9. Re1 Re8 10. Rxe8+ Qxe8 11. Bxf6 Nxf6 12. Qe1 Be6 13. Ne5 c5 14.
dxc5 Bxc5 15. Bb5 Qb8 16. Rd1 Bd6 17. Nf3 a6 18. Ba4 b5 19. Bb3 Qb7 20. Ng5 Re8 21. Nxd5 Bxd5 22. Qxe8+ Nxe8 23. Bxd5 Qe7 24. Bxf7+ Kh8 25.
Bxe8 Qxe8 26. Nf3 Bb8 27. Ng5 h6 28. Rd8 Qxd8 29. Nf7+ Kh7 30. Nxd8 Be5 31. c3 Kg6 32. g3 Kf6 33. Nc6 Bd6 34. f4 Ke6 35. Kf2 Bc5+ 36. Nd4+ Kd5 37. Ke3 b4 38. h3 bxc3 39. bxc3 Kc4 40.
Kd2 a5 41. Ne6 Bf2 42. Nxg7 Bxg3 43. Nf5 Bxf4+ 44. Ne3+ Kb5 45. Kd3 Ka4 46. c4 Ka3 47. c5 Kxa2 48. Nc4 a4 49. Kc3 Kb1 50. Kb4 Kc2 51.
Kxa4 Kc3 52. Kb5 Kd4 53. Nd6 Kd5 54. Kb6 Bxd6 55. cxd6 Kxd6 56. Kb5 Kd5 57. Kb4 Kd4 58. Kb3 Kd3 59. Kb4 h5 60. Kc5 h4 61. Kd5 Ke3 62. Ke5 Kf3 63. Kf5 Kg3 64. Kg5 Kxh3 65.
Kf4 Kg2 66. Kg4 h3 67. Kf4 h2 68. Ke3 h1=Q 69. Kf4 Qf1+ 70. Ke5 Qf3 71. Kd4 Kf2 72. Ke5 Ke3 73. Ke6 Qh5 74. Kd6 Qf5 75. Kc6 Qe5 76. Kd7 Qf6 77. Kc7 Qe6 78. Kb7 Qd6 79. Kc8 Qe7 80. Kb8 Kd4 81. Kc8 Kc5 82. Kb8 Kc6 83.
Ka8 Qb7# 0-1

[Event "Live Chess"]
[Site "Chess.com"]
[Date "2024.06.01"]
[Round "-"]
[White "NeilDruggan73"]
[Black "Dhaydon19"]
[Result "0-1"]
[WhiteElo "1756"]
[BlackElo "2666"]
[TimeControl "300"]
[EndTime "13:15:35 PDT"]
[Termination "Dhaydon19 won by resignation"]

1. d4 b6 2. Bg5 Bb7 3. c4 Nf6 4. Bxf6 exf6 5. Nc3 g6 6. e3 Bg7 7. Nf3 O-O 8. Be2 d6 9. h4 Nd7 10. h5 f5 11. hxg6 hxg6 12. Qc2 Re8 13. O-O-O Nf6 14.
Ng5 Ng4 15. Bxg4 fxg4 16. Nce4 Qe7 17. d5 Bc8 18. Rh7 f5 19. Ng3 Qxg5 20. Rdh1 Qf6 21. Ne2 Bd7 22. Nf4 Re4 23. R1h2 Rae8 24. Rxg7+ Qxg7 25. Qd1 Rxc4+ 26. Kb1 Rxf4 27. exf4 Qe7 28. Qh1 Qe1+ 29.
Qxe1 Rxe1+ 30. Kc2 Re2+ 31. Kc3 Rxf2 0-1

[Event "Live Chess"]
[Site "Chess.com"]
[Date "2024.06.01"]
[Round "-"]
[White "vincents82"]
[Black "mrsmarple1968"]
[Result "1-0"]
[WhiteElo "2099"]
[BlackElo "1753"]
[TimeControl "300"]
[EndTime "13:15:37 PDT"]
[Termination "vincents82 won by resignation"]

1. e4 e5 2. Nf3 Nc6 3. Bb5 a6 4. Ba4 Nf6 5. d3 d6 6. c3 Be7 7. O-O O-O 8. Re1 b5 9. Bc2 a5 10. Nbd2 b4 11. Nf1 Bg4 12. h3 Bh5 13. Ng3 Bg6 14.
d4 exd4 15. cxd4 Re8 16. e5 dxe5 17. dxe5 Bxc2 18. Qxc2 Nd7 19. Qxc6 Rb8 20. Bf4 Rb6 21. Qe4 Nc5 22. Qe2 Ne6 23. Be3 Rb8 24. Rad1 Qc8 25.
Nf5 c5 26. Nxe7+ Rxe7 27. Ng5 h6 28. Nxe6 Rxe6 29. Rd5 Qc6 30. Rxc5 1-0

[Event "Live Chess"]
[Site "Chess.com"]
[Date "2024.06.01"]
[Round "-"]
[White "booktrunk"]
[Black "FlyingChessKestrel13"]
[Result "0-1"]
[WhiteElo "1388"]
[BlackElo "2074"]
[TimeControl "300"]
[EndTime "13:15:49 PDT"]
[Termination "FlyingChessKestrel13 won by resignation"]

1. d4 d5 2. Nc3 Nf6 3. Bf4 c6 4.
e3 Bf5 5. Bd3 Bxd3 6. Qxd3 e6 7.
Nge2 Bd6 8. Bxd6 Qxd6 9. Ng3 O-O 10. O-O-O Nbd7 11. e4 dxe4 12. Ncxe4 Nxe4 13. Qxe4 Qd5 14. Qxd5 cxd5 15. Rhe1 Rac8 16. c3 Nb6 17. Re2 a5 18. Kc2 a4 19. a3 Nc4 20. Nf1 Rc6 21.
Nd2 Rfc8 22. Nxc4 Rxc4 23. Rd3 g6 24. h4 h5 25. f3 Kh7 26. g4 Kh6 27. g5+ Kg7 28. f4 b5 29. Kb1 R8c6 30. Ka2 Rd6 31. Re5 Rcc6 32. Re2 f6 33. gxf6+ Kxf6 34. Rde3 Rc7 35.
Re5 Rf7 36. Rg2 Kg7 37. Rgg5 Rxf4 38. Kb1 Rxh4 39. Re1 Kf6 40. Rge5 Rf4 41. R5e3 Rf5 42. Rh3 Rd7 43. Ree3 Re7 44. Rhg3 e5 45. dxe5+ Rexe5 46.
Rd3 g5 47. Rh3 g4 48. Rh4 Kg5 0-1

[Event "Live Chess"]
[Site "Chess.com"]
[Date "2024.06.01"]
[Round "-"]
[White "JanMur7"]
[Black "defenderalist"]
[Result "1-0"]
[WhiteElo "2311"]
[BlackElo "1517"]
[TimeControl "300"]
[EndTime "13:15:53 PDT"]
[Termination "JanMur7 won by resignation"]

1. c4 e5 2. Nc3 Nf6 3. Nf3 d6 4. d4 exd4 5. Nxd4 Bf5 6. Nxf5 Nbd7 7. g3 Be7 8. Nxg7+ Kf8 9. Bh6 Kg8 10. Bg2 a5 11.
Qd2 1-0